 Dungeon Crawl Stone Soup version 0.26-a0-30-g56b8cd3df0 (webtiles) character file.

Game seed: 11896672071833652030, levelgen mode: deterministic

1157 gruber the Archer (level 8, -6/66 HPs)
             Began as a Centaur Hunter on June 3, 2020.
             Was an Initiate of Okawaru.
             Mangled by Prince Ribbit (13 damage)
             ... on level 6 of the Dungeon.
             The game lasted 00:06:39 (5887 turns).

gruber the Archer (Centaur Hunter)                  Turns: 5887, Time: 00:06:41

Health: -6/66      AC:  8    Str: 17    XL:     8   Next: 16%
Magic:  8/8        EV:  7    Int: 10    God:    Okawaru [......]
Gold:   369        SH:  0    Dex: 10    Spells: 7/7 levels left

rFire    . . .     SeeInvis .   o - +2 war axe (venom)
rCold    . . .     Gourm    .   (no shield)
rNeg     . . .     Faith    .   c - +0 leather armour
rPois    +         Spirit   .   (no helmet)
rElec    .         Reflect  .   (no cloak)
rCorr    +         Harm     .   (no gloves)
MR       .....                  E - +0 centaur barding
Stlth    +.........             (no amulet)
HPRegen  0.21/turn              p - ring of poison resistance
MPRegen  0.11/turn              B - ring of resist corrosion

@: very quick
A: large, hooves 3, deformed body, speed 2, tough skin 3
a: Renounce Religion


You were on level 6 of the Dungeon.
You worshipped Okawaru.
Okawaru was noncommittal.
You were not hungry.

You visited 2 branches of the dungeon, and saw 7 of its levels.

You collected 369 gold pieces.

Inventory:

Hand Weapons
 a - a +1 shortbow
 n - a +2 whip of holy wrath
 o - a +2 war axe of venom (weapon)
 v - a +1 vampiric short sword
Missiles
 d - 34 arrows
Armour
 c - a +0 leather armour (worn)
 E - a +0 centaur barding (worn)
Jewellery
 p - a ring of poison resistance (left hand)
 y - the amulet "Inluleec" {Spirit rF+ MR+ Int+2 Dex+2, unknown}
   (You found it on level 4 of the Dungeon)

   [amulet of guardian spirit]

   It causes incoming damage to be split between your health and magic.
   It affects your intelligence (+2).
   It affects your dexterity (+2).
   It protects you from fire.
   It affects your resistance to hostile enchantments.
 B - a ring of resist corrosion (right hand)
Scrolls
 e - 3 scrolls of magic mapping {unknown}
 i - a scroll of random uselessness {unknown}
 j - 5 scrolls of teleportation
 l - 4 scrolls of remove curse {unknown}
 m - 2 scrolls of blinking {unknown}
 q - a scroll of immolation {unknown}
 r - 5 scrolls of identify {unknown}
 w - a scroll of acquirement {unknown}
 x - a scroll of enchant weapon {unknown}
 D - a scroll of enchant armour {unknown}
Potions
 b - 2 potions of haste
 g - 3 potions of curing {unknown}
 h - a potion of degeneration {unknown}
 k - a potion of ambrosia {unknown}
 s - a potion of resistance {unknown}
 t - 2 potions of mutation {unknown}
 u - a potion of stabbing {unknown}
 z - a potion of flight {unknown}
 A - a potion of magic {unknown}
 C - 2 potions of might {unknown}
Comestibles
 f - 8 rations


   Skills:
 - Level 4.1 Fighting
 - Level 12.1 Bows
 * Level 1.4 Armour
 - Level 1.3 Dodging
 - Level 0.4 Stealth


You had 7 spell levels left.
You didn't know any spells.
Your spell library was empty.

Dungeon Overview and Level Annotations

Branches:
Dungeon (6/15)             Temple (1/1) D:6

Altars:
Ashenzari
Cheibriados
Dithmenos
Fedhas
Gozag
Hepliaklqana
Kikubaaqudgha
Makhleb
Nemelex Xobeh
Okawaru
Qazlal
Ru
Sif Muna
Trog
Uskayaw
Vehumet
Wu Jian
Xom
Yredelemnul
Zin
The Shining One

Annotations:
D:6 Maggie, Prince Ribbit


Innate Abilities, Weirdness & Mutations

You have hooves in place of feet.
Armour fits poorly on your strangely shaped body.
You cover ground very quickly.
You have extremely tough skin. (AC +3)


Message History

A worker ant comes into view.
The centaur shoots an arrow.
The arrow closely misses you.
The worker ant moves out of view.
You see here an arrow.
Prince Ribbit comes into view.
Prince Ribbit gives a loud, deep croak!
Prince Ribbit catches a mosquito with his tongue.
Prince Ribbit hits you.
The centaur shoots an arrow.
The arrow hits you!
You see here an arrow.
Prince Ribbit closely misses you.
A troll comes into view.
The troll shouts!
You closely miss the troll. You closely miss Prince Ribbit.
Prince Ribbit sighs, "It's not easy being green!"
Prince Ribbit hits you! The troll bites you. The troll claws you!
* * * LOW HITPOINT WARNING * * *
The troll claws you!
* * * LOW HITPOINT WARNING * * *
Prince Ribbit hits you!
You die...

#.##...## ..#
##.##.#..####.# ..#
##...(..c......# #.#
#.....#.#(###### #.#
#.>(......c### #.#
#.(..#.⌠.#...###
#######.#
.(.#.......#...#
#.......#
.#...⌠.>.⌠...#.####
#.#####.#
...#.......#..aF@.# #.#
#.. .#...#.⌠.#...####T#
#.# ### ###........###
.# #.# ##. #..#[#..# #.#
#.# #.. ###.......## #.#
#.# #.. #......#...<#
###.### #.# #..
#.##.#...##.###.....#
#.# ##. .
#.##......##.###.#####.#
## # #.###.....#
#.......#


You could see Prince Ribbit, a troll, a centaur and a worker ant.

Vanquished Creatures
  Edmund (D:4)
  Menkaure (D:4)
  2 sky beasts (D:5)
  A centaur (D:5)
  A scorpion (D:5)
  A crimson imp (D:6)
  2 hounds (D:4)
  A bullfrog skeleton (D:4)
  A jelly (D:6)
  A centaur skeleton (D:5)
  An orc priest (D:4)
  An iguana (D:5)
  Natasha (twice) (D:2)
  An orc wizard (D:4)
  3 worker ants
  2 hound skeletons
  A hound zombie (D:4)
  5 adders
  A river rat (D:4)
  2 oozes
  6 worms
  A dart slug (D:1)
  3 leopard geckos
  16 orcs
  9 giant cockroaches
  2 goblins
  4 hobgoblins
  2 jackals (D:2)
  2 quokkas
  A ball python (D:3)
  12 bats
  3 frilled lizards
  6 kobolds
  A quokka skeleton (D:4)
  3 rats
102 creatures vanquished.

Notes
Turn   | Place    | Note
-------+----------+-------------------------------------------
     0 | D:1      | gruber the Centaur Hunter began the quest for the Orb.
     0 | D:1      | Reached XP level 1. HP: 17/17 MP: 1/1
   442 | D:1      | Reached XP level 2. HP: 24/25 MP: 2/2
  1155 | D:2      | Reached XP level 3. HP: 27/31 MP: 3/3
  1281 | D:2      | Noticed Natasha
  1300 | D:2      | Killed Natasha
  1602 | D:2      | Noticed Natasha
  1605 | D:2      | Killed Natasha
  1605 | D:2      | Reached XP level 4. HP: 40/40 MP: 4/4
  1655 | D:2      | Reached skill level 6 in Bows
  2683 | D:4      | Noticed Menkaure
  2687 | D:4      | Killed Menkaure
  2687 | D:4      | Reached skill level 8 in Bows
  2687 | D:4      | Reached XP level 5. HP: 40/46 MP: 5/5
  2973 | D:4      | Reached XP level 6. HP: 52/52 MP: 6/6
  3067 | D:4      | Noticed Edmund
  3108 | D:4      | Killed Edmund
  3108 | D:4      | Reached skill level 9 in Bows
  3267 | D:4      | Reached XP level 7. HP: 39/59 MP: 7/7
  3453 | D:4      | Reached skill level 10 in Bows
  3463 | D:4      | Got a transparent garnet amulet
  4115 | D:5      | Entered Level 5 of the Dungeon
  4431 | D:5      | Reached skill level 11 in Bows
  4837 | D:5      | Reached skill level 12 in Bows
  4837 | D:5      | Reached XP level 8. HP: 30/66 MP: 8/8
  5621 | D:6      | Reached skill level 1 in Armour
  5714 | D:6      | Found a staircase to the Ecumenical Temple.
  5734 | Temple   | Entered the Ecumenical Temple
  5849 | Temple   | Became a worshipper of Warmaster Okawaru
  5870 | D:6      | Noticed Maggie
  5876 | D:6      | Noticed Prince Ribbit
  5886 | D:6      | Noticed a troll
  5887 | D:6      | Mangled by Prince Ribbit

Illustrated notes

Levels and vault maps discovered:
D:1:      lemuel_arrival_tunnels, layout_basic
D:2:      layout_loops_ring, uniq_natasha
D:3:      cheibrodos_old_hovel, layout_loops_ring,
          chequers_serial_rivers_small_a
D:4:      layout_cave_pools, first_ration, gup_sewer_entry_spiral,
          chequers_serial_rivers_room_a, uniq_edmund, uniq_menkaure
D:5:      layout_gridville
D:6:      layout_loops_ring, minmay_temple_entry_sparse_star, uniq_maggie,
          uniq_prince_ribbit1, uniq_eustachio
Temple:   regret_index_temple_sigil_plot

Skill      XL: |  1  2  3  4  5  6  7  8 |
---------------+-------------------------+-----
Fighting       | 3 4 |  4.1
Bows           | 8 9 12 | 12.1
Armour         | 1 |  1.4
Dodging        | |  1.3
Stealth        | |  0.4

Action                   |  1- 3 |  4- 6 |  7- 9 || total
-------------------------+-------+-------+-------++-------
Melee: Short sword       |    57 |    19 |     7 ||    83
       Kick              |     6 |     2 |    11 ||    19
       Whip              |       |     2 |       ||     2
       War axe           |       |       |    33 ||    33
 Fire: Shortbow          |    65 |   141 |    92 ||   298
  Use: Scroll            |       |       |     1 ||     1
  Eat: Chunk             |     1 |     4 |     5 ||    10
       Ration            |       |       |     1 ||     1
Armor: Leather armour    |    52 |    17 |    20 ||    89
Dodge: Dodged            |    44 |    37 |    32 ||   113

Table legend:
 A = Non-vault XP
 B = Vault XP
 C = Vault XP percentage of total XP
 D = Non-vault monster count
 E = Vault monster count
 F = Vault count percentage of total count
                 A         B        C        D         E       F
            +---------+---------+-------+---------+---------+-------
      Total |    1236 |     418 |  25.3 |      90 |      12 |  11.8
            +---------+---------+-------+---------+---------+-------
        D:1 |      23 |       0 |   0.0 |      12 |       0 |   0.0
        D:2 |      77 |      36 |  31.9 |      15 |       1 |   6.2
        D:3 |      43 |       7 |  14.0 |      16 |       1 |   5.9
        D:4 |     328 |     375 |  53.3 |      25 |      10 |  28.6
        D:5 |     621 |       0 |   0.0 |      18 |       0 |   0.0
        D:6 |     144 |       0 |   0.0 |       4 |       0 |   0.0
            +---------+---------+-------+---------+---------+-------
